 Dungeon Crawl Stone Soup version 0.22.0-38-g04b72b8 (webtiles) character file.

119 CaptainBugsquash the Stinger (level 5, 0/32 HPs)
             Began as an Octopode Venom Mage on Aug 29, 2018.
             Slain by an orc
             ... wielding a +0 hand axe
              (2 damage)
             ... on level 3 of the Dungeon.
             The game lasted 00:04:51 (4071 turns).

CaptainBugsquash the Stinger (Octopode Venom Mage)  Turns: 4071, Time: 00:04:51

Health: 0/32       AC:  1    Str:  7    XL:     5   Next: 3%
Magic:  2/9        EV: 13    Int: 19    God:
Gold:   58         SH:  0    Dex: 12    Spells: 6/9 levels left

rFire    . . .     SeeInvis .   e - +0 dagger (holy)
rCold    . . .     Gourm    .   (no shield)
rNeg     . . .     Faith    .   (helmet restricted)
rPois    .         Spirit   .   (no amulet)
rElec    .         Reflect  .   (no ring)
rCorr    .         Harm     .   (no ring)
MR       .....                  (no ring)
Stlth    +++.......             (no ring)
HPRegen  0.10/turn              (no ring)
MPRegen  0.11/turn              (no ring)
                                (no ring)
                                (no ring)

@: no status effects
A: almost no armour, stealthy swim, amphibious, 8 rings, constrict 8, camouflage
1, gelatinous body 1
a: no special abilities


You were on level 3 of the Dungeon.
You were hungry.

You visited 1 branch of the dungeon, and saw 3 of its levels.

You collected 58 gold pieces.

Inventory:

Hand Weapons
 e - a +0 dagger of holy wrath (weapon)
Missiles
 a - 82 stones (quivered)
Wands
 j - a wand of iceblast (7)
Scrolls
 c - 3 scrolls of identify {unknown}
 f - a scroll of enchant weapon {unknown}
 k - a scroll of teleportation {unknown}
 l - a scroll of immolation {unknown}
 n - a scroll of fog {unknown}
Potions
 d - 3 potions of curing {unknown}
 g - a potion of might {unknown}
 h - 2 potions of agility {unknown}
 i - a potion of haste {unknown}
 o - a potion of lignification {unknown}
Comestibles
 b - 6 rations
 m - 3 chunks of flesh


   Skills:
 + Level 0.7 Fighting
 + Level 0.3 Short Blades
 - Level 2.0 Dodging
 - Level 2.6 Stealth
 + Level 0.8 Unarmed Combat
 + Level 2.8 Spellcasting
 * Level 1.4 Conjurations
 * Level 0.9 Air Magic
 + Level 5.2 Poison Magic


You had 6 spell levels left.
You knew the following spells:

 Your Spells              Type           Power        Failure   Level  Hunger
a - Sting                 Conj/Pois      ###.         4%          1    None
b - Poisonous Vapours     Pois/Air       ##....       7%          2    ##.....

Your spell library contained the following spells:

 Spells                   Type           Power        Failure   Level  Hunger
 Mephitic Cloud           Conj/Pois/Air  ##......     17%         3    ###....
 Olgreb's Toxic Radiance  Pois           ###.....     19%         4    ####...
 Venom Bolt               Conj/Pois      ###.......   73%         5    ######.


Dungeon Overview and Level Annotations

Branches:
Dungeon (3/15)

Altars:
Makhleb
Nemelex Xobeh


Innate Abilities, Weirdness & Mutations

You cannot wear most types of armour.
You are very stealthy in the water. (Stealth+)
You are amphibious.
You can wear up to eight rings at the same time.
You can use your tentacles to constrict eight enemies at once.
Your skin changes colour to match your surroundings (Stealth+).
Your rubbery body absorbs attacks. (AC +1, EV +1)


Message History

The orc is moderately wounded.
You constrict the orc.
The orc priest shouts!
You hit the orc but do no damage.
The orc is heavily wounded.
You constrict the orc. The orc misses you.
You hit the orc but do no damage. You squeeze the orc, but do no damage.
The orc is heavily wounded.
You constrict the orc, but do no damage.
The orc hits you with a hand axe!
You release your grip on the orc.
The orc priest begins to cast a cantrip, but forgets the words!
The orc priest mumbles some strange prayers to Beogh against you.
Beogh smites you!
The orc priest calls down the wrath of Beogh upon you.
Beogh smites you!
* * * LOW HITPOINT WARNING * * *
There is a stone staircase leading up here.
The orc hits you with a hand axe.
You die...

...##.....÷.>÷...............
...##.######.#.##.#######...
##.##.# #..............%
##....### ###.##.#######o#
...............##.#######.#
#################.......#o#
###.......####.#.#
....[...o.o....#.#######
.......@#.##...o........
.....#############......
###.# #...... #. ..8##......
....##...... ...._#...... ##
....######## .# ...8## .#
#8##


You could see 2 orcs.

Vanquished Creatures
  An orc priest (D:3)
  Jessica (D:2)
  An adder (D:3)
  An ooze (D:2)
  A worm (D:2)
  3 leopard geckos
  2 giant cockroaches
  8 goblins
  4 hobgoblins
  4 jackals
  5 kobolds
  A ball python (D:2)
  6 bats
  4 frilled lizards
  2 rats
44 creatures vanquished.

Notes
Turn   | Place    | Note
-------+----------+-------------------------------------------
     0 | D:1      | CaptainBugsquash the Octopode Venom Mage began the quest for the Orb.
     0 | D:1      | Reached XP level 1. HP: 11/11 MP: 3/3
   908 | D:1      | Reached skill level 4 in Poison Magic
   920 | D:1      | Reached XP level 2. HP: 5/17 MP: 1/5
  1152 | D:1      | Learned a level 2 spell: Poisonous Vapours
  2180 | D:1      | Reached XP level 3. HP: 16/21 MP: 6/6
  2557 | D:2      | Noticed Jessica
  2560 | D:2      | Killed Jessica
  2560 | D:2      | Reached skill level 5 in Poison Magic
  2827 | D:2      | Reached XP level 4. HP: 27/27 MP: 7/7
  3327 | D:2      | Found a sparkling altar of Nemelex Xobeh.
  4036 | D:3      | Found a burning altar of Makhleb.
  4056 | D:3      | Reached XP level 5. HP: 32/32 MP: 0/9
  4071 | D:3      | Slain by an orc

Skill      XL: |  1  2  3 |
---------------+----------+-----
Poison Magic   | 4 5 |  5.2
Fighting       | |  0.7
Short Blades   | |  0.3
Dodging        | |  2.0
Stealth        | |  2.6
Unarmed Combat | |  0.8
Spellcasting   | |  2.8
Conjurations   | |  1.4
Air Magic      | |  0.9

Action                   |  1- 3 |  4- 6 || total
-------------------------+-------+-------++-------
Melee: Unarmed           |    29 |       ||    29
       Tentacles         |    13 |     8 ||    21
       Constrict         |    13 |     6 ||    19
       Dagger            |    28 |    36 ||    64
 Cast: Sting             |    17 |     3 ||    20
       Poisonous Vapours |     3 |    12 ||    15
 Stab: Sleeping          |     5 |     2 ||     7
  Eat: Chunk             |     6 |     4 ||    10
Armor: Skin              |     6 |     4 ||    10
Dodge: Dodged            |    42 |    27 ||    69
